 Dungeon Crawl Stone Soup version 0.27-a0-34-gc18c9092ac (webtiles) character file.

Game seed: 11960012613552335008

112 kae the Insei (level 4, 0/37 HPs)
             Began as a Demonspawn Monk on Jan 4, 2021.
             Succumbed to a worker ant's poison
             ... on level 2 of the Dungeon.
             The game lasted 00:01:29 (2368 turns).

kae the Insei (Demonspawn Monk)                     Turns: 2368, Time: 00:01:29

Health: 0/37       AC:  6    Str: 12    XL:     4   Next: 63%
Magic:  4/4        EV: 11    Int: 11    God:
Gold:   114        SH:  0    Dex: 16    Spells: 3/3 levels left

rFire    . . .     SeeInvis .   g - +1 whip
rCold    . . .     Faith    .   (no shield)
rNeg     . . .     Spirit   .   i - +0 ring mail
rPois    .         Reflect  .   (no helmet)
rElec    .         Harm     .   (no cloak)
rCorr    .         Rampage  .   (no gloves)
Will     .....                  (no boots)
Stlth    +.........             (no amulet)
HPRegen  0.12/turn              (no ring)
MPRegen  0.09/turn              (no ring)

@: lethally poisoned (0 -> -22)
A: powered by death 1, sharp scales 1
a: no special abilities


You were on level 2 of the Dungeon.
You visited 1 branch of the dungeon, and saw 2 of its levels.

You collected 114 gold pieces.

Inventory:

Hand Weapons
 g - a +1 whip (weapon)
Armour
 a - a +0 robe
 i - a +0 ring mail (worn)
Jewellery
 d - an uncursed ring of magical power
 h - an uncursed ring of stealth {unknown}
Wands
 c - a wand of digging (5)
Scrolls
 b - 3 scrolls of remove curse
 e - a scroll of identify {unknown}
 j - 2 scrolls of magic mapping {unknown}
 l - a scroll of teleportation
Potions
 f - 2 potions of haste {unknown}
 k - a potion of cancellation {unknown}


   Skills:
 + Level 3.9 Fighting
 - Level 2.6 Dodging
 - Level 1.7 Stealth
 * Level 4.3 Unarmed Combat


You had 3 spell levels left.
You didn't know any spells.
Your spell library was empty.

Dungeon Overview and Level Annotations

Branches:
Dungeon (2/15)

Altars:


Innate Abilities, Weirdness & Mutations

You regenerate a little health from kills.
You are partially covered in razor-sharp scales. (AC +1, Slay +1)


Message History

You feel sick.
The worker ant bites you but does no damage.
You closely miss the worker ant.
The worker ant is severely wounded.
You feel sick. The worker ant barely misses you.
You hit the worker ant.
The worker ant is severely wounded.
You feel sick. The worker ant bites you.
* * * LOW HITPOINT WARNING * * *
The worker ant barely misses you.
Your ring mail prevents you from hitting the worker ant.
The worker ant is severely wounded.
* * * LOW HITPOINT WARNING * * *
You feel sick. The worker ant bites you.
* * * LOW HITPOINT WARNING * * *
You are more poisoned.
The worker ant poisons you!
You barely miss the worker ant.
The worker ant is severely wounded.
You die...

#.#.........# #......#....÷..#
#.#.##..##..###..###.##.....##
##.#.##.###.......#
#.########. #.......#
######### #.# #. #.####### #.#
#. #.# ###### #.# #. #.#
#..... ### #.# ######. #.#
#.....###.###.###...... #.#
#....B@....##.......... #.#
#.....###.###.###...... #.#
#..... #........#####. #.#
###### ##..##.##.# #.
########.÷.##.##.# #.
#.....##.#....##.# #.
##.............##.# #<
####....#..8..#...##.# #.
........##...##......#####.


You could see a worker ant.

Vanquished Creatures
  Terence (D:2)
  3 adders (D:2)
  A worm (D:2)
  3 dart slugs
  2 leopard geckos (D:1)
  A ball python (D:1)
  7 bats
  3 giant cockroaches (D:2)
  4 goblins
  4 hobgoblins
  9 kobolds
  A quokka (D:2)
  4 frilled lizards
  7 rats
50 creatures vanquished.

Notes
Turn   | Place    | Note
-------+----------+-------------------------------------------
     0 | D:1      | kae the Demonspawn Monk began the quest for the Orb.
     0 | D:1      | Reached XP level 1. HP: 18/18 MP: 1/1
   138 | D:1      | Reached skill level 3 in Unarmed Combat
   283 | D:1      | Gained mutation: You regenerate a little health from kills.
                  | [demonic ancestry]
   283 | D:1      | Reached XP level 2. HP: 14/24 MP: 2/2
   757 | D:1      | Gained mutation: You are partially covered in razor-sharp
                  | scales. (AC +1, Slay +1) [demonic ancestry]
   757 | D:1      | Reached XP level 3. HP: 22/29 MP: 3/3
  1757 | D:2      | Noticed Terence
  1773 | D:2      | Killed Terence
  1774 | D:2      | Reached skill level 4 in Unarmed Combat
  1774 | D:2      | Reached XP level 4. HP: 20/37 MP: 4/4
  2368 | D:2      | Succumbed to a worker ant's poison

Illustrated notes

Levels and vault maps discovered:
D:1:      dpeg_arrival_connections, layout_basic, serial_forest,
          infiniplex_forest_lined_1, infiniplex_forest_end_3,
          infiniplex_forest_lined_4_way, infiniplex_forest_end_3,
          infiniplex_forest_lined_corner, infiniplex_forest_end_2,
          infiniplex_forest_fountain, infiniplex_forest_end_double
D:2:      layout_loops_cross, dk_noncrumbling_4, mrwooster_statue_mirror,
          uniq_terence

Skill      XL: |  1  2  3 |
---------------+----------+-----
Unarmed Combat | 3 4 |  4.3
Fighting       | |  3.9
Dodging        | |  2.6
Stealth        | |  1.7

Action                   |  1- 3 |  4- 6 || total
-------------------------+-------+-------++-------
Melee: Unarmed           |    88 |       ||    88
       Whip              |    68 |    65 ||   133
       Punch             |     2 |       ||     2
  Use: Scroll            |     4 |       ||     4
 Stab: Sleeping          |     5 |       ||     5
Armor: Robe              |    15 |       ||    15
       Ring mail         |    14 |    24 ||    38
Dodge: Dodged            |   104 |    39 ||   143

Table legend: (Time is in decaauts)
 A = Elapsed time spent in this place.
 B = Non-inter-level travel time spent in this place.
 C = Inter-level travel time spent in this place.
 D = Time resting spent in this place.
 E = Time spent auto-exploring this place.
 F = Levels seen in this place.
 G = Mean time per level.
                   A        B        C        D        E       F      G
               +--------+--------+--------+--------+--------+-----+--------+
         Total |   2375 |   2300 |     75 |     30 |   1856 |   2 | 1187.5 |
       Dungeon |   2375 |   2300 |     75 |     30 |   1856 |   2 | 1187.5 |
               +--------+--------+--------+--------+--------+-----+--------+

Top non-repeatable levels by time:
     D:1: 1452 daAuts
     D:2: 923 daAuts
